 Dungeon Crawl Stone Soup version 0.28-a0-872-g80cf8599ee (webtiles) character file.

Game seed: 3177115391485841157

7889 greenreed the Grappler (level 11, -19/102 HPs)
             Began as a Troll Monk on Nov 20, 2021.
             Was a Follower of Ru.
             Shot with a bolt by a yaktaur captain (39 damage)
             ... on level 10 of the Dungeon.
             The game lasted 00:50:18 (9413 turns).

greenreed the Grappler (Troll Monk)                 Turns: 9413, Time: 00:50:19

Health: -19/102    AC:  4    Str: 23    XL:     11   Next: 2%
Magic:  10/10      EV: 12    Int:  6    God:    Ru [*.....]
Gold:   48         SH:  0    Dex: 13    Spells: 10/10 levels left

rFire   . . .      SeeInvis .     - Unarmed
rCold   . . .      Faith    .   (no shield)
rNeg    + . .      Spirit   .   a - +0 robe
rPois   .          Reflect  .   (helmet restricted)
rElec   .          Harm     .   (no cloak)
rCorr   .          Rampage  .   (gloves unavailable)
Will    +....                   (boots unavailable)
Stlth   ++........              T - amulet of regeneration
HPRegen 2.27/turn               C - ring of positive energy
MPRegen 0.12/turn               N - ring of willpower

@: no status effects
A: large, unfitting armour, claws 3, regeneration 1, shaggy fur 1, tough skin 1,
no earth magic, no summoning magic, no transmutations magic
a: Renounce Religion


You were on level 10 of the Dungeon.
You worshipped Ru.
Ru was aware of your devotion.
You visited 2 branches of the dungeon, and saw 11 of its levels.
You also visited: Ossuary.

You collected 658 gold pieces.
You spent 610 gold pieces at shops.

Inventory:

Missiles
 s - a throwing net (quivered)
 y - 22 poisoned darts
Armour
 a - a +0 robe (worn)
 Q - a +0 pair of boots
Magical Staves
 b - a staff of earth
 u - a staff of poison
Jewellery
 f - an amulet of the acrobat
 v - a ring of flight
 C - a ring of positive energy (left claw)
 G - an amulet of reflection
 I - a ring of protection from cold
 J - a ring of protection from cold
 K - a ring of ice
 L - a ring of ice
 N - a ring of willpower (right claw)
 P - a ring of resist corrosion
 T - an amulet of regeneration (around neck)
 U - the amulet "Foes Gei" {Reflect *Slow rC++ SH+5}
   (You bought it in a shop on level 10 of the Dungeon)

   [amulet of reflection]

   It reflects blocked missile attacks.
   rC:        It greatly protects you from cold.
   *Slow:     It may slow you when you take damage.
   SH:        It affects your SH (+5).
Wands
 j - a wand of iceblast (8)
 A - a wand of mindburst (9)
 M - a wand of flame (16)
 R - a wand of digging (6)
 S - a wand of charming (7)
 V - a wand of paralysis (9)
Scrolls
 c - 4 scrolls of magic mapping
 d - a scroll of blinking {unknown}
 e - 7 scrolls of teleportation
 h - 2 scrolls of vulnerability {unknown}
 i - 2 scrolls of fog {unknown}
 l - a scroll of enchant armour {unknown}
 q - 3 scrolls of amnesia
 r - 2 scrolls of brand weapon {unknown}
 t - a scroll of enchant weapon {unknown}
 x - 4 scrolls of noise
 D - a scroll of acquirement {unknown}
 F - a scroll of silence {unknown}
Potions
 g - 2 potions of degeneration
 k - 2 potions of ambrosia
 m - a potion of might {unknown}
 n - a potion of lignification {unknown}
 p - 4 potions of curing
 w - 3 potions of flight
 z - a potion of invisibility
 B - 3 potions of brilliance
 E - 2 potions of resistance
 H - 2 potions of haste
 O - a potion of attraction {unknown}


   Skills:
 + Level 5.0 Fighting
 - Level 0.7 Throwing
 + Level 7.4 Dodging
 - Level 1.0 Stealth
 + Level 14.1 Unarmed Combat


You had 10 spell levels left.
You didn't know any spells.
Your spell library contained the following spells:

 Spells                   Type           Power      Damage    Failure   Level
 Shock                    Conj/Air       0%         1d3       45%         1
 Slow                     Hex            0%         N/A       45%         1
 Confusing Touch          Hex            0%         N/A       83%         3
 Ozocubu's Armour         Ice            0%         N/A       83%         3
 Swiftness                Air            0%         N/A       83%         3
 Airstrike                Air            0%         N/A       99%         4
 Ozocubu's Refrigeration  Ice            0%         4d5       100%        7
 Yara's Violent Unravell  Hex/Tmut       Unusable   3d3       N/A         5

Dungeon Overview and Level Annotations

Branches:
Dungeon (10/15)            Temple (1/1) D:4         Ossuary (visited)
   Lair: D:8-11         Orc: D:9-12

Altars:
Ashenzari
Cheibriados
Dithmenos
Elyvilon
Fedhas
Gozag
Hepliaklqana
Kikubaaqudgha
Makhleb
Nemelex Xobeh
Okawaru
Qazlal
Ru
Sif Muna
Trog
Uskayaw
Vehumet
Wu Jian
Xom
Yredelemnul
Zin
The Shining One

Shops:
D:7 (   D:8 (   D:10 *

Annotations:
D:5 1 runed translucent door, 1 exclusion, Sigmund; bande's ghost, novice GrFi
D:10 exclusion: gargoyle


Innate Abilities, Weirdness & Mutations

You are too large for most types of armour.
You have claws for hands.
Your natural rate of healing is unusually fast.
You are covered in fur. (AC +1)
You have tough skin. (AC +1)
You cannot study or cast Earth magic.
You cannot study or cast Summoning magic.
You cannot study or cast Transmutations magic.


Message History

The tengu conjurer hits you!
The tengu conjurer pecks you but does no damage.
The tengu conjurer claws you.
The yaktaur captain unwields a +0 arbalest of flaming.
It stops flaming.
The yaktaur captain hits you!!
You scratch the yaktaur captain.
The yaktaur captain is severely wounded.
The tengu conjurer closely misses you. The tengu conjurer pecks you.
The tengu conjurer claws you but does no damage.
You mangle the yaktaur captain!!
You kill the yaktaur captain!
You hear a splash. x2
The yaktaur captain hits you.
You have reached level 11!
You claw the yaktaur captain!
The yaktaur captain is moderately wounded.
The tengu conjurer misses you. The tengu conjurer pecks you.
The tengu conjurer completely misses you.
The yaktaur captain hits you!!
You claw the yaktaur captain!
The yaktaur captain is moderately wounded.
The tengu conjurer barely misses you.
The tengu conjurer closely misses you. x2
You claw the yaktaur captain!
The yaktaur captain is heavily wounded.
The yaktaur captain hits you!!
* * * LOW HITPOINT WARNING * * *
The tengu conjurer hits you.
* * * LOW HITPOINT WARNING * * *
The tengu conjurer pecks you.
* * * LOW HITPOINT WARNING * * *
The tengu conjurer barely misses you.
You feel better. The yaktaur captain misses you. The tengu conjurer hits you!
* * * LOW HITPOINT WARNING * * *
The tengu conjurer pecks you but does no damage.
The tengu conjurer claws you.
* * * LOW HITPOINT WARNING * * *
Okay, then.
The yaktaur captain wields a +0 arbalest.
The yaktaur captain shoots a bolt.
The bolt hits you!!!
You die...

........#.♣.♣.♣ ♣♣♣♣♣♣.♣♣♣♣♣♣♣
####..#.#..♣..♣♣♣..♣.♣......P♣
#.[#.#.......≈≈.♣.♣.♣P≈≈≈...
#..#.#..♣..♣.≈≈≈....♣♣P.♣.♣♣
#.>#.#.♣.♣.♣♣....♣♣.♣ ♣...♣
..# #.############ ####
#.♣)♣.# ♣.♣♣ ♣..§.#♣Q≈.♣.≈≈
#.♣§§§@.Z≈≈.# #♣.♣§♣#♣c≈.♣.≈≈
#.♣.♣ ♣.♣♣ ###. ## ♣


You could see a yaktaur captain, a tengu conjurer and a howler monkey
simulacrum.

Vanquished Creatures
  A yaktaur captain (D:10)
  A two-headed ogre (D:10)
  A troll (D:10)
  A hornet (D:7)
  6 yaks
  2 wyverns
  A wraith (D:10)
  2 vampires (D:10)
  Eustachio (D:4)
  A steam dragon (D:8)
  An acid dragon (D:10)
  A water moccasin (D:7)
  Duvessa (D:5)
  A hornet zombie (Ossuary)
  An orc warrior (D:8)
  3 ice beasts
  3 ogres
  3 black bears
  A necrophage (D:7)
  4 centaurs
  2 phantoms
  A kobold brigand (D:10)
  Blork the orc (D:5)
  2 gnoll sergeants
  A bullfrog (D:7)
  2 wyvern zombies (Ossuary)
  2 water moccasin zombies
  Dowan (D:5)
  14 wights
  2 howler monkeys
  An electric eel (D:10)
  8 bullfrog zombies
  5 centaur zombies
  3 hounds (D:4)
  2 centaur skeletons
  3 orc priests (D:8)
  2 iguanas
  12 mummies (Ossuary)
  A scorpion zombie (D:5)
  4 orc wizards
  3 killer bee zombies (Ossuary)
  A hound skeleton (D:4)
  A hound zombie (D:5)
  29 gnolls
  7 adders
  2 ufetubi
  A worm (D:4)
  30 orcs
  8 ball pythons
  9 endoplasms
  16 giant cockroaches
  7 goblins
  5 hobgoblins
  11 jackals (D:4)
  7 kobolds
  5 bats
  3 frilled lizards
  2 quokka zombies (D:7)
  3 rats
255 creatures vanquished.

Vanquished Creatures (others)
  A plant (D:4)
  4 withered plants (Ossuary)
5 creatures vanquished.

Grand Total: 260 creatures vanquished

Notes
Turn   | Place    | Note
-------+----------+-------------------------------------------
     0 | D:1      | greenreed the Troll Monk began the quest for the Orb.
     0 | D:1      | Reached XP level 1. HP: 22/22 MP: 0/0
   188 | D:1      | Found a faded altar of an unknown god.
   362 | D:1      | Reached XP level 2. HP: 29/29 MP: 1/1
   845 | D:2      | Found a hazy altar of Hepliaklqana.
   910 | D:2      | Reached XP level 3. HP: 32/36 MP: 2/2
  1623 | D:3      | Reached skill level 4 in Unarmed Combat
  1640 | D:3      | Reached XP level 4. HP: 44/44 MP: 3/3
  2394 | D:4      | Found a staircase to the Ecumenical Temple.
  2420 | Temple   | Entered the Ecumenical Temple
  2623 | Temple   | Became a worshipper of Ru the Awakened
  2736 | D:4      | Reached skill level 5 in Unarmed Combat
  2736 | D:4      | Reached XP level 5. HP: 49/52 MP: 4/4
  2838 | D:4      | Noticed Eustachio
  2960 | D:4      | Killed Eustachio
  2961 | D:4      | Reached skill level 6 in Unarmed Combat
  2961 | D:4      | Reached XP level 6. HP: 42/61 MP: 5/5
  3064 | D:4      | Found a bloodstained altar of Trog.
  3109 | D:4      | Found a stormy altar of Qazlal.
  3244 | D:4      | Reached XP level 7. HP: 60/67 MP: 6/6
  3415 | D:4      | HP: 2/67 [gnoll (13)]
  3602 | D:4      | Reached skill level 7 in Unarmed Combat
  3940 | D:4      | Found a burning altar of Makhleb.
  3987 | D:5      | Entered Level 5 of the Dungeon
  3998 | D:5      | Found a runed translucent door.
  3998 | D:5      | Noticed bande's ghost (novice GrFi)
  4001 | D:5      | Noticed Sigmund
  4239 | D:5      | Reached XP level 8. HP: 61/75 MP: 7/7
  4288 | D:5      | Reached skill level 8 in Unarmed Combat
  4295 | D:5      | Noticed Duvessa
  4295 | D:5      | Noticed Dowan
  4364 | D:5      | Killed Duvessa
  4365 | D:5      | Reached skill level 5 in Dodging
  4431 | D:5      | Found an opulent altar of Gozag.
  4629 | D:5      | Killed Dowan
  4651 | D:5      | Noticed Blork the orc
  4654 | D:5      | Killed Blork the orc
  4866 | D:5      | Reached skill level 9 in Unarmed Combat
  5403 | D:6      | Reached XP level 9. HP: 73/84 MP: 8/8
  5410 | D:6      | Reached skill level 10 in Unarmed Combat
  6268 | D:7      | Found a sand-covered staircase.
  6286 | Ossuary  | Entered an ossuary
  6327 | Ossuary  | Reached skill level 11 in Unarmed Combat
  6625 | D:7      | Found Qunto's Weapon Shop.
  6815 | D:7      | Reached skill level 12 in Unarmed Combat
  6815 | D:7      | Reached XP level 10. HP: 77/90 MP: 9/9
  7216 | D:7      | Found a faded altar of an unknown god.
  7216 | D:7      | Found a blossoming altar of Fedhas.
  7225 | D:7      | Found a shimmering altar of Xom.
  7227 | D:7      | Found a faded altar of an unknown god.
  7229 | D:7      | Found a shimmering blue altar of Sif Muna.
  7308 | D:8      | Found Fipos's Weapon Shoppe.
  7380 | D:8      | Gained mutation: You cannot study or cast Earth magic. [Ru
                  | sacrifice]
  7380 | D:8      | Gained mutation: You cannot study or cast Transmutations
                  | magic. [Ru sacrifice]
  7380 | D:8      | Gained mutation: You cannot study or cast Summoning magic.
                  | [Ru sacrifice]
  7380 | D:8      | Reached * piety under Ru
  7970 | D:9      | Found a hazy altar of Hepliaklqana.
  8293 | D:9      | Found an ancient bone altar of Kikubaaqudgha.
  8741 | D:10     | Entered Level 10 of the Dungeon
  8831 | D:10     | Found Pilaimo's General Store.
  8840 | D:10     | Bought a scroll of identify for 24 gold pieces
  8840 | D:10     | Bought the amulet "Foes Gei" {Reflect *Slow rC++ SH+5} for
                  | 586 gold pieces
  8859 | D:10     | Found a broken altar of Ashenzari.
  8872 | D:10     | Reached skill level 13 in Unarmed Combat
  9107 | D:10     | Noticed a two-headed ogre
  9123 | D:10     | Killed a two-headed ogre
  9313 | D:10     | Noticed a gargoyle
  9389 | D:10     | Reached skill level 5 in Fighting
  9389 | D:10     | Reached skill level 14 in Unarmed Combat
  9398 | D:10     | Noticed a yaktaur captain
  9401 | D:10     | Noticed a yaktaur captain
  9408 | D:10     | Killed a yaktaur captain
  9409 | D:10     | Reached XP level 11. HP: 54/102 MP: 10/10
  9413 | D:10     | Shot with a bolt by a yaktaur captain

Illustrated notes

Levels and vault maps discovered:
D:1:      lightli_arrival_boilingwater, layout_basic,
          dreamdust_ecumenical_altar_hidden_monk_grotto
D:2:      layout_basic, basic_altar, grunt_decor_one_mirror
D:3:      minmay_roachtagon, layout_basic
D:4:      lemuel_castle_with_subvaults [lemuel_castle_interior_carwin_3],
          layout_cave_pools, lightli_temple_of_fire,
          gammafunk_temple_overflow_pools, minmay_temple_entry_purple_smoke,
          serial_column_ruins, column_ruins_open_small,
          column_ruins_corridor_corner, column_ruins_corridor_straight,
          minmay_bisected, uniq_eustachio
D:5:      layout_loops_corners, nicolae_overflow_hidden_temple,
          hellmonk_ghost_happy_afterlife, uniq_blork_the_orc, uniq_sigmund,
          uniq_duvessa
D:6:      layout_basic
D:7:      layout_rooms, chequers_temple_overflow_minitemple, serial_shops,
          nicolae_square_shop, enter_ossuary_4
D:8:      layout_loops_ring, serial_shops, nicolae_shop_bloodbath_and_beyond
D:9:      layout_loops_ring, lemuel_tele_altar, mainiacjoe_overflow_alcove_1
D:10:     nzn_winding_woodlands_medium [nzn_winding_woodlands_5x5_three,
          nzn_winding_woodlands_5x15_pathside_ponds,
          nzn_winding_woodlands_hourglass,
          nzn_winding_woodlands_5x5_closed_star,
          nzn_winding_woodlands_center_triple_pond,
          nzn_winding_woodlands_5x5_checkerboard,
          nzn_winding_woodlands_5x5_perimeter, nzn_winding_woodlands_5x15_pool,
          nzn_winding_woodlands_5x5_cross], layout_long_grid,
          nicolae_ashenzari_panopticon, orc_0_dummy, serial_shops, shop,
          uniq_josephine
Temple:   minmay_temple_bridge_abc

Skill      XL: |  1  2  3  4  5  6  7  8  9 10 |
---------------+-------------------------------+-----
Unarmed Combat | 4 5 6 7 9 12 14 | 14.1
Dodging        | 3 4 5 6 7 |  7.4
Fighting       | 3 4 5 |  5.0
Throwing       | |  0.7
Stealth        | |  1.0

Action                   |  1- 3 |  4- 6 |  7- 9 | 10-12 || total
-------------------------+-------+-------+-------+-------++-------
Melee: Unarmed           |   109 |   173 |   349 |   174 ||   805
       Punch             |     1 |     2 |    14 |    10 ||    27
Throw: Throwing net      |       |       |     3 |       ||     3
Invok: Reject Sacrifices |       |     1 |       |       ||     1
       Sacrifice Arcana  |       |       |       |     1 ||     1
Evoke: Wand              |       |       |       |     3 ||     3
  Use: Scroll            |       |       |       |    12 ||    12
       Potion            |       |       |       |     2 ||     2
 Stab: Sleeping          |     2 |     1 |     1 |     1 ||     5
       Distracted        |       |       |     3 |       ||     3
Armor: Robe              |    38 |    48 |    54 |    26 ||   166
Dodge: Dodged            |    42 |   118 |   208 |    89 ||   457
Block: Other             |       |       |       |    13 ||    13
       Reflection        |       |       |       |     2 ||     2

Table legend: (Time is in decaauts)
 A = Elapsed time spent in this place.
 B = Non-inter-level travel time spent in this place.
 C = Inter-level travel time spent in this place.
 D = Time resting spent in this place.
 E = Time spent auto-exploring this place.
 F = Levels seen in this place.
 G = Mean time per level.
                   A        B        C        D        E       F      G
               +--------+--------+--------+--------+--------+-----+--------+
         Total |   9335 |   9185 |    150 |    287 |   6406 |  12 |  777.9 |
       Dungeon |   8781 |   8638 |    143 |    287 |   6084 |  10 |  878.1 |
        Temple |    226 |    219 |      7 |      0 |    173 |   1 |  226.0 |
       Ossuary |    326 |    326 |      0 |      0 |    148 |   1 |  326.0 |
               +--------+--------+--------+--------+--------+-----+--------+

Top non-repeatable levels by time:
     D:4: 1264 daAuts
     D:5: 1242 daAuts
     D:3: 978 daAuts
     D:6: 943 daAuts
     D:9: 815 daAuts
     D:7: 771 daAuts
     D:2: 761 daAuts
     D:1: 734 daAuts
     D:8: 650 daAuts
    D:10: 619 daAuts
 Ossuary: 326 daAuts
  Temple: 226 daAuts
